 Dungeon Crawl Stone Soup version 0.17-a0-2064-g265a032 (webtiles) character file.

384357 Maka the Impregnable (level 24, -10/171 HPs)
             Began as a Halfling Fighter on Oct 8, 2015.
             Was the Champion of Okawaru.
             Mangled by a juggernaut (103 damage)
             ... on level 3 of the Depths on Oct 13, 2015.
             The game lasted 02:43:39 (52598 turns).

Maka the Impregnable (Halfling Fighter)            Turns: 52598, Time: 02:43:39

Health: -10/171    AC: 34    Str: 25    XL:     24   Next: 4%
Magic:  27/27      EV: 30    Int: 12    God:    Okawaru [******]
Gold:   2516       SH: 11    Dex: 25    Spells: 0 memorised, 23 levels left

rFire  + + +     SeeInvis .     a - +2 demon blade (vamp)
rCold  . . .     Clarity  .     M - +3 fire dragon armour
rNeg   + + +     SustAt   .     n - +0 buckler of the Empire {rPois Str+3}
rPois  +         Gourm    .     o - +2 hat "Pecuu" {rElec rF++ Stlth+}
rElec  +         Spirit   .     Y - +4 cloak of Death Resistance {+Blink rElec}
rCorr  +         Warding  .     D - +0 pair of gloves of Lifelessness {rF- rN+++ Regen+}
rMut   .         Stasis   .     K - +2 pair of boots of the Dozen Suns {rPois rCorr Str+6 Int+2}
MR     +++..                    R - amulet of regeneration
Stlth  +.........               y - ring of the Mage {Wiz MR++ Int+3}
                                A - ring of protection from cold

@: extremely resistant to hostile enchantments, very unstealthy
A: mutation resistance 1
a: Heroism, Finesse, Renounce Religion, Evoke Blink
}: 2/15 runes: decaying, serpentine


You were on level 3 of the Depths.
You worshipped Okawaru.
Okawaru was exalted by your worship.
You were not hungry.

You visited 7 branches of the dungeon, and saw 42 of its levels.
You visited the Abyss 2 times.
You also visited: Ice Cave.

You collected 4912 gold pieces.
You spent 2396 gold pieces at shops.

Inventory:

Hand Weapons
 a - a +2 vampiric demon blade (weapon)
 b - a +2 scimitar of flaming
 C - a +0 double sword of flaming
Armour
 n - the +0 buckler of the Empire (worn) {rPois Str+3}
   (You bought it in a shop on level 4 of the Orcish Mines)

   It affects your strength (+3).
   It protects you from poison.
 o - the +2 hat "Pecuu" (worn) {rElec rF++ Stlth+}
   (Okawaru gifted it to you on level 3 of the Vaults)

   It greatly protects you from fire.
   It insulates you from electricity.
   It makes you more stealthy.
 D - the +0 pair of gloves of Lifelessness (worn) {rF- rN+++ Regen+}
   (Okawaru gifted it to you on level 2 of the Snake Pit)

   It makes you vulnerable to fire.
   It renders you almost immune to negative energy.
   It increases your rate of regeneration.
 K - the +2 pair of boots of the Dozen Suns (worn) {rPois rCorr Str+6 Int+2}
   (You acquired it on level 3 of the Snake Pit)

   It affects your strength (+6).
   It affects your intelligence (+2).
   It protects you from poison.
   It protects you from acid and corrosion.
 M - a +3 fire dragon armour (worn)
 Y - the +4 cloak of Death Resistance (worn) {+Blink rElec}
   (Okawaru gifted it to you on level 14 of the Dungeon)

   It insulates you from electricity.
   It lets you blink.
Jewellery
 v - an uncursed amulet of clarity
 w - an uncursed ring of see invisible
 y - the ring of the Mage (right hand) {Wiz MR++ Int+3}
   (You took it off a frost giant on level 2 of the Depths)

   [ring of wizardry]

   It improves your spell success rate.
   It affects your intelligence (+3).
   It affects your resistance to hostile enchantments.
 A - a ring of protection from cold (left hand)
 B - a +4 ring of evasion
 Q - an uncursed amulet of resist corrosion
 R - an amulet of regeneration (around neck)
 T - an uncursed ring of flight
 W - an uncursed ring of protection from fire
Wands
 g - a wand of paralysis (7)
 m - a wand of cold (8)
 x - a wand of digging (8)
 G - a wand of digging (13)
 H - a wand of invisibility (4)
 Z - a wand of teleportation (6)
Scrolls
 e - 5 scrolls of blinking
 i - 6 scrolls of teleportation
 j - 4 scrolls of magic mapping
 k - 5 scrolls of fog
 q - 3 scrolls of enchant weapon
 r - a scroll of recharging
 u - 5 scrolls of fear
 F - 4 scrolls of identify
 O - 17 scrolls of remove curse
Potions
 c - a potion of brilliance
 d - 10 potions of might
 h - 3 potions of berserk rage
 l - 10 potions of curing
 t - 7 potions of agility
 z - 8 potions of heal wounds
 E - a potion of magic
 I - 4 potions of cure mutation
 L - 3 potions of resistance
 N - 5 potions of haste
 V - 4 potions of cancellation
 X - 4 potions of invisibility
Comestibles
 f - 7 bread rations
 p - 2 chunks of flesh


   Skills:
 - Level 16.0 Fighting
 - Level 15.0 Long Blades
 - Level 26.0 Armour
 + Level 16.4 Dodging
 - Level 16.4 Shields
 - Level 6.0 Invocations


You had 23 spell levels left.
You didn't know any spells.

Dungeon Overview and Level Annotations

Branches:
Dungeon (15/15)            Temple (0/1) D:7            Lair (8/8) D:11
  Swamp (4/4) Lair:6        Snake (4/4) Lair:3        Slime (0/6) Lair:8
    Orc (4/4) D:12            Elf (0/3) Orc:3        Vaults (4/5) D:14
 Depths (3/5) D:15
  Crypt: Vaults:2-3

Altars:
Ashenzari
Elyvilon
Gozag
Makhleb
Okawaru
Sif Muna
Trog
Xom
The Shining One
Beogh
Jiyva
Lugonu

Shops:
D:7 *[   D:10 :   Orc:4 [[*[   Snake:4 *   Depths:1 *:?!   Depths:2 }

Portals:
Hell: Lair:8 Depths:1 Depths:2 Depths:3
Pandemonium: Depths:2 Depths:3

Annotations:
D:2 Robin
Swamp:2 exclusion: oklob plant


Innate Abilities, Weirdness & Mutations

You are small and have problems with some larger weapons.
You are somewhat resistant to further mutation.


Message History

You hit the juggernaut but do no damage.
The juggernaut is almost dead.
You hit the juggernaut.
The juggernaut is almost dead.
You hit the juggernaut but do no damage.
The juggernaut is almost dead.
The juggernaut hits you!!!
You hit the juggernaut.
You feel better.
The juggernaut is almost dead.
You slash the juggernaut!
You feel better.
The juggernaut is almost dead.
You closely miss the juggernaut.
The juggernaut is almost dead.
You closely miss the juggernaut.
The juggernaut is almost dead.
You hit the juggernaut but do no damage.
The juggernaut is almost dead.
The juggernaut hits you!!!!
Ouch! That really hurt!
You die...

#..#........##.#
##.###.###.##..#
#..............#
###.......######
##.....####.###
##.#.#.##.....## #+#
#..#...##...#..###..
##.###.#......#'#C#
##.....##.#...@#.#
#......##...).#CC#
##.#...##.#)#.##......#
#.....###'#+## .....##
##...#.##.#.#.########+
##......##......#......#
#.......##..##.#+#.....#
##.##...#..#.#..#......#
#.#.#..##.##..#[#.....#


You could see a juggernaut and a fire giant.

Vanquished Creatures
  the Lernaean hydra (Swamp:4)
  Norris (Vaults:1)
  Saint Roka (Snake:4)
  Vashnia (Snake:4)
  A caustic shrike (Depths:2)
  Nikola (Vaults:2)
  The ghost of blinkfrog the Unseen, an adept FoHu of Cheibriados (Vaults:4)
  Jorgrun (Vaults:1)
  Asterion (Vaults:3)
  2 tentacled starspawn (Abyss:1)
  A sphinx (Vaults:2)
  Gastronok (Lair:1)
  3 thorn hunters
  A sphinx (shapeshifter) (Depths:3)
  Frances (Swamp:2)
  2 shadow dragons
  Wiglaf (Vaults:4)
  8 greater nagas
  4 fire giants
  2 deep elf sorcerers
  Maud (Lair:6)
  10 vault wardens
  4 frost giants
  Aizul (Snake:3)
  A spriggan defender (Depths:3)
  13 ironheart preservers
  8 stone giants
  5 very ugly things
  2 vampire knights
  A deep elf demonologist (D:14)
  Snorg (Lair:3)
  2 jiangshi (Depths:3)
  A blizzard demon (Depths:2)
  3 fire dragons
  A deep elf death mage (D:14)
  A great orb of eyes (shapeshifter) (Vaults:2)
  6 ogre magi
  5 vault guards
  An entropy weaver (Depths:3)
  7 ettins
  2 rakshasas
  8 yaktaur captains
  An ice dragon (Depths:3)
  5 great orbs of eyes
  23 hydras
  Harold (Lair:3)
  Erolcha (D:12)
  A ghost crab (Swamp:2)
  3 spriggan air magi
  14 naga warriors
  Erica (D:10)
  4 large abominations
  24 centaur warriors
  5 deep troll shamans
  16 alligators
  11 anacondas
  A vampire mage (Depths:2)
  3 tengu warriors
  5 orc high priests (Orc:4)
  3 spriggan berserkers
  A sun demon (Lair:8)
  4 deep troll earth magi
  15 naga sharpshooters
  A hell knight (Depths:3)
  A soul eater (Depths:1)
  Sonja (D:12)
  6 shock serpents
  2 wretched stars (Abyss:1)
  2 shadow wraiths
  An iron troll (Depths:2)
  2 flayed ghosts
  A fire crab (Vaults:3)
  13 skeletal warriors
  A sea snake (Snake:2)
  2 spriggan druids (Swamp:3)
  4 deep elf knights
  8 naga ritualists
  3 shambling mangroves (Swamp:2)
  10 swamp dragons
  A deep elf summoner (D:14)
  2 giant orange brains
  An ice statue (IceCv)
  17 deep trolls
  9 unseen horrors
  17 orc knights
  2 necromancers
  A lindwurm (Lair:8)
  6 hill giants
  5 harpies (Vaults:4)
  2 phantasmal warriors (Depths:1)
  11 mana vipers
  2 sixfirhies
  3 manticores
  2 deep elf conjurers
  16 ironbrand convokers
  6 wizards
  5 wolf spiders
  5 griffons
  A hornet (shapeshifter) (Vaults:3)
  An oklob plant (Swamp:2)
  24 ugly things
  13 salamanders
  6 cyclopes
  A frost giant zombie (Vaults:1)
  2 orc sorcerers
  A worldbinder (Abyss:1)
  A harpy (shapeshifter) (Vaults:2)
  A manticore (shapeshifter) (Depths:2)
  2 fire giant skeletons
  A shining eye (shapeshifter) (Vaults:2)
  6 guardian serpents
  A rust devil (Depths:2)
  A salamander (shapeshifter) (D:15)
  9 hornets
  8 vault sentinels
  3 human skeletons
  15 elephants
  22 naga magi
  33 black mambas
  3 gargoyles
  2 torpor snails
  7 orange demons
  10 komodo dragons
  44 yaktaurs
  22 spiny frogs
  6 kobold demonologists
  An efreet (D:14)
  2 fire drakes (D:15)
  An ancient zyme (Abyss:1)
  3 deep elf priests
  5 trolls
  3 blue devils
  A fire drake (shapeshifter) (Vaults:3)
  6 freezing wraiths
  A red devil (Lair:8)
  2 hellwings
  17 polar bears
  15 two-headed ogres
  3 tengu conjurers
  A two-headed ogre (shapeshifter) (D:14)
  24 blink frogs
  12 giant leeches
  2 jumping spiders (shapeshifter)
  14 bog bodies
  54 slime creatures
  3 boulder beetles
  2 raiju (Abyss:1)
  2 blink frogs (shapeshifter)
  3 wraiths
  A flying skull (Vaults:2)
  2 air elementals (Depths:2)
  Sigmund (D:2)
  7 wyverns
  2 redbacks
  4 spriggans
  An ettin skeleton (Vaults:1)
  A fire giant simulacrum (Vaults:2)
  2 shadows
  A yak (shapeshifter) (Vaults:4)
  54 yaks
  4 water elementals (Depths:2)
  8 deep elf magi
  Eustachio (D:4)
  A wyvern (shapeshifter) (D:14)
  9 deep elf fighters
  15 hippogriffs
  2 ynoxinuls (Abyss:1)
  39 vampire mosquitoes
  4 basilisks
  A fire bat (shapeshifter) (D:12)
  A redback simulacrum (Vaults:2)
  4 mottled dragons
  A yaktaur simulacrum (Vaults:2)
  A neqoxec (Depths:2)
  A soldier ant (D:13)
  7 wargs
  5 hungry ghosts
  73 nagas
  19 swamp worms
  22 wolves
  5 hell hounds
  15 water moccasins
  A mottled dragon (shapeshifter) (Vaults:2)
  3 porcupines
  4 ice beasts
  7 phantoms
  9 swamp drakes
  7 sky beasts
  2 eyes of draining
  2 spiders (shapeshifter)
  53 orc warriors
  9 wasps
  29 ogres
  4 small abominations
  36 centaurs
  2 black bears (D:13)
  19 boggarts
  13 big kobolds
  Blork the orc (D:5)
  11 crocodiles
  2 wyvern zombies
  A brain worm (shapeshifter) (D:14)
  17 giant frogs
  An ogre simulacrum (Vaults:1)
  4 scorpions
  18 wights
  6 killer bees (D:11)
  A human simulacrum (Vaults:1)
  6 electric eels
  10 crimson imps
  7 centaur zombies
  3 hounds
  37 orc priests
  5 centaur skeletons
  6 jellies
  4 giant frog skeletons
  21 orc wizards
  19 worker ants
  Natasha (thrice) (D:3)
  3 iguanas
  28 sheep
  A hound zombie (D:8)
  2 hound skeletons (D:5)
  10 gnolls
  A worker ant zombie (D:6)
  22 adders
  86 river rats
  6 shadow imps
  An ufetubus (Abyss:1)
  An ooze (D:2)
  An adder skeleton (D:4)
  A worm (shapeshifter) (D:14)
  3 worms
  5 giant geckos
  219 orcs
  A ball python (D:3)
  5 giant cockroaches
  12 hobgoblins
  10 jackals
  38 kobolds
  2 quokkas (D:6)
  6 bats
  5 giant newts
  12 goblins
  7 rats
  A butterfly (Lair:7)
  7 fungi
  3 plants
2051 creatures vanquished.

Vanquished Creatures (others)
  A fire giant (Vaults:3)
  An ironheart preserver (Vaults:1)
  An ogre mage (D:14)
  A vampire mage (Depths:3)
  2 ironbrand convokers (Vaults:3)
  A wizard (Vaults:2)
  A cyclops (shapeshifter) (Vaults:3)
  A black mamba (Snake:3)
  A naga (Snake:2)
  2 vampire mosquitoes (Swamp:4)
  A deep elf fighter (Vaults:1)
  3 swamp drakes (Swamp:4)
  A boggart (Vaults:1)
  2 orcs
  A bush (Swamp:4)
  22 fungi
  19 plants
  6 starspawn tentacles (Abyss:1)
  38 starspawn tentacle segments (Abyss:1)
105 creatures vanquished.

Grand Total: 2156 creatures vanquished

Notes
Turn   | Place    | Note
--------------------------------------------------------------
     0 | D:1      | Maka the Halfling Fighter began the quest for the Orb.
     0 | D:1      | Reached XP level 1. HP: 15/15 MP: 1/1
   226 | D:1      | Reached XP level 2. HP: 20/20 MP: 2/2
   675 | D:1      | Reached XP level 3. HP: 21/25 MP: 3/3
  1186 | D:2      | Reached skill level 4 in Long Blades
  1186 | D:2      | Reached XP level 4. HP: 13/30 MP: 4/4
  1468 | D:2      | Noticed Robin
  1653 | D:2      | Noticed Sigmund
  1668 | D:2      | Killed Sigmund
  1668 | D:2      | Reached skill level 6 in Long Blades
  1668 | D:2      | Reached XP level 5. HP: 26/35 MP: 5/5
  1668 | D:2      | Reached XP level 6. HP: 30/41 MP: 6/6
  1857 | D:2      | Found a deep blue altar of Sif Muna.
  2776 | D:3      | Found a bloodstained altar of Trog.
  2849 | D:3      | Reached XP level 7. HP: 30/45 MP: 7/7
  2928 | D:3      | Noticed Natasha
  2955 | D:3      | Killed Natasha
  2955 | D:3      | Reached skill level 7 in Long Blades
  3070 | D:3      | Noticed Natasha
  3084 | D:3      | Killed Natasha
  3151 | D:4      | Noticed Eustachio
  3348 | D:3      | Noticed Natasha
  3360 | D:3      | Killed Natasha
  3489 | D:4      | Found a shimmering altar of Xom.
  3568 | D:4      | Reached skill level 8 in Long Blades
  3834 | D:3      | Got a pitted chain mail
  4213 | D:4      | Reached XP level 8. HP: 51/51 MP: 8/8
  4458 | D:4      | Reached skill level 5 in Armour
  4528 | D:4      | Killed Eustachio
  4550 | D:4      | Identified the +6 chain mail "Weghyid" {*Contam Str+5 SInv} (You took it off an orc on level 3 of the Dungeon)
  4633 | D:5      | Entered Level 5 of the Dungeon
  4820 | D:5      | Found an iron altar of Okawaru.
  4831 | D:5      | Became a worshipper of Warmaster Okawaru
  5012 | D:5      | Noticed Blork the orc
  5021 | D:5      | Killed Blork the orc
  5106 | D:5      | Reached XP level 9. HP: 37/55 MP: 9/9
  5510 | D:6      | Reached piety under Okawaru
  5941 | D:7      | Reached skill level 5 in Fighting
  6099 | D:7      | Found a staircase to the Ecumenical Temple.
  6181 | D:7      | Found an opulent altar of Gozag.
  6182 | D:7      | Found Gozag's Platinum Reserve.
  6300 | D:7      | Found Heagg's Armour Shop.
  6303 | D:7      | Bought a +0 pair of boots for 72 gold pieces
  6544 | D:7      | Found a bloodstained altar of Trog.
  6776 | D:8      | Reached XP level 10. HP: 66/71 MP: 10/10
  6848 | D:8      | Reached skill level 9 in Long Blades
  7150 | D:8      | Reached skill level 10 in Long Blades
  7864 | D:9      | Reached skill level 11 in Long Blades
  8558 | D:9      | Received a gift from Okawaru
  8558 | D:9      | Reached XP level 11. HP: 65/75 MP: 11/11
  8571 | D:9      | Reached skill level 12 in Long Blades
  8863 | D:10     | Entered Level 10 of the Dungeon
  8972 | D:10     | Noticed Erica
  9001 | D:10     | Killed Erica
  9001 | D:10     | Reached skill level 13 in Long Blades
  9248 | D:9      | Noticed a three-headed hydra
  9253 | D:9      | Killed a one-headed hydra
  9430 | D:10     | Reached **** piety under Okawaru
  9513 | D:10     | Found Gihoypt's Book Shop.
  9572 | D:10     | Found a burning altar of Makhleb.
  9572 | D:10     | Noticed a cacodemon
  9770 | D:10     | Reached skill level 14 in Long Blades
  9964 | D:11     | Noticed a hill giant
  9982 | D:11     | Killed a hill giant
 10115 | D:11     | Killed an unseen horror
 10115 | D:11     | Received a gift from Okawaru
 10115 | D:11     | Reached skill level 5 in Shields
 10146 | D:11     | Noticed a skeletal warrior
 10147 | D:11     | Noticed a skeletal warrior
 10286 | D:10     | Killed a skeletal warrior
 10286 | D:10     | Reached XP level 12. HP: 49/81 MP: 12/12
 10424 | D:11     | Noticed a skeletal warrior
 10424 | D:11     | Noticed a skeletal warrior
 10769 | D:11     | Noticed a red ugly thing
 10784 | D:11     | Killed a red ugly thing
 10826 | D:10     | Killed a skeletal warrior
 11061 | D:11     | Found a staircase to the Lair.
 11074 | Lair:1   | Entered Level 1 of the Lair of Beasts
 11525 | Lair:1   | Received a gift from Okawaru
 11550 | Lair:1   | Noticed Gastronok
 11575 | Lair:1   | Killed Gastronok
 11575 | Lair:1   | Reached skill level 10 in Shields
 12281 | Lair:2   | Found a frozen archway.
 12295 | IceCv    | Entered an ice cave
 12375 | IceCv    | Reached skill level 1 in Invocations
 12459 | IceCv    | Reached XP level 13. HP: 74/86 MP: 14/14
 12597 | IceCv    | Reached skill level 10 in Armour
 12857 | IceCv    | Noticed a frost giant
 12894 | IceCv    | Killed a frost giant
 12914 | IceCv    | Received a gift from Okawaru
 12932 | IceCv    | Got a pair of distressingly furry boots {god gift}
 12943 | IceCv    | Identified the +0 pair of boots "Weyluj" {*Contam Regen+ MP+9 Dex+2} (Okawaru gifted it to you in an ice cave)
 13511 | Lair:2   | Noticed a seven-headed hydra
 13522 | Lair:2   | Killed a one-headed hydra
 13913 | Lair:3   | Found a staircase to the Snake Pit.
 13998 | Lair:3   | Noticed Harold
 14010 | Lair:3   | Killed Harold
 14511 | Lair:4   | Noticed Snorg
 14534 | Lair:3   | Killed Snorg
 15034 | Lair:4   | Reached XP level 14. HP: 72/92 MP: 16/16
 15257 | Lair:4   | Received a gift from Okawaru
 16733 | Lair:6   | Found a staircase to the Swamp.
 17217 | Lair:6   | Noticed Maud
 17239 | Lair:6   | Killed Maud
 17652 | Lair:7   | Reached skill level 15 in Armour
 18384 | Lair:8   | Entered Level 8 of the Lair of Beasts
 18580 | Lair:7   | Reached XP level 15. HP: 101/101 MP: 17/17
 18614 | Lair:8   | Received a gift from Okawaru
 18786 | Lair:8   | Found a viscous altar of Jiyva.
 18786 | Lair:8   | Found a staircase to the Slime Pits.
 18891 | Lair:8   | Reached skill level 10 in Fighting
 19787 | Lair:8   | Found a burning altar of Makhleb.
 19938 | Lair:8   | Received a gift from Okawaru
 20030 | Lair:8   | Found a gateway to Hell.
 20325 | D:11     | Upgraded the game from 0.17-a0-1997-ga88ed7d to 0.17-a0-2064-g265a032
 20398 | D:11     | Killed a skeletal warrior
 20764 | D:12     | Found a staircase to the Orcish Mines.
 20805 | D:12     | Noticed Sonja
 20807 | D:12     | Killed Sonja
 21378 | D:12     | Noticed Erolcha
 21395 | D:12     | Killed Erolcha
 22511 | D:13     | Reached XP level 16. HP: 114/114 MP: 18/18
 22924 | D:14     | Reached skill level 15 in Shields
 22940 | D:14     | Found a gate to the Vaults.
 23756 | D:15     | Entered Level 15 of the Dungeon
 23787 | D:14     | Received a gift from Okawaru
 23818 | D:14     | Got an encrusted cloak {god gift}
 23904 | D:14     | Identified the +4 cloak of Death Resistance {+Blink rElec} (Okawaru gifted it to you on level 14 of the Dungeon)
 24059 | D:15     | Reached skill level 16 in Shields
 24372 | D:15     | Found a staircase to the Depths.
 24450 | D:15     | Found a shattered altar of Ashenzari.
 24855 | D:15     | Reached skill level 17 in Armour
 25411 | Swamp:1  | Entered Level 1 of the Swamp
 25758 | Swamp:1  | Identified a scroll of acquirement
 25858 | Swamp:1  | Reached XP level 17. HP: 119/119 MP: 19/19
 25915 | Swamp:1  | Received a gift from Okawaru
 25915 | Swamp:1  | Reached skill level 18 in Armour
 25921 | Swamp:1  | Got an ancient buckler {god gift}
 25932 | Swamp:1  | Identified the +0 buckler of the Guild-Master {rElec Str+4 Int-2} (Okawaru gifted it to you on level 1 of the Swamp)
 26036 | Snake:1  | Entered Level 1 of the Snake Pit
 26393 | Orc:1    | Entered Level 1 of the Orcish Mines
 27100 | Orc:3    | Found a staircase to the Elven Halls.
 27430 | Orc:2    | Found a roughly hewn altar of Beogh.
 28151 | Orc:4    | Entered Level 4 of the Orcish Mines
 28237 | Orc:4    | Found a bloodstained altar of Trog.
 28914 | Orc:4    | Reached skill level 19 in Armour
 29574 | Orc:4    | Found Jyed's Antique Armour Emporium.
 29574 | Orc:4    | Found Adegea's Armour Emporium.
 29575 | Orc:4    | Found Heveik's Armour Emporium.
 29575 | Orc:4    | Found Zerphaac's General Store.
 29584 | Orc:4    | Bought a scroll of blinking for 135 gold pieces
 29584 | Orc:4    | Bought a potion of curing for 54 gold pieces
 29584 | Orc:4    | Bought a scroll of blinking for 135 gold pieces
 29584 | Orc:4    | Bought a scroll of identify for 36 gold pieces
 29586 | Orc:4    | Bought the cursed +0 buckler of the Empire {rPois Str+3} for 266 gold pieces
 29590 | Orc:4    | Bought a bread ration for 90 gold pieces
 30077 | Snake:1  | Reached skill level 20 in Armour
 31134 | Snake:2  | Received a gift from Okawaru
 31165 | Snake:2  | Got a pair of warped gloves {god gift}
 31200 | Snake:2  | Identified the +0 pair of gloves of Lifelessness {rF- rN+++ Regen+} (Okawaru gifted it to you on level 2 of the Snake Pit)
 31657 | Snake:2  | Reached XP level 18. HP: 126/126 MP: 20/20
 31668 | Snake:2  | Reached skill level 21 in Armour
 32189 | Snake:3  | Noticed Aizul
 32221 | Snake:3  | Killed Aizul
 32694 | Snake:3  | Reached skill level 15 in Long Blades
 32746 | Snake:3  | Got a pair of warped boots
 32747 | Snake:3  | Identified the +2 pair of boots of the Dozen Suns {rPois rCorr Str+6 Int+2} (You acquired it on level 3 of the Snake Pit)
 33161 | Snake:3  | Received a gift from Okawaru
 33429 | Snake:4  | Entered Level 4 of the Snake Pit
 33506 | Snake:4  | Noticed Saint Roka
 33567 | Snake:4  | Killed Saint Roka
 34002 | Snake:4  | Found Zatuofoy's General Store.
 34014 | Snake:4  | Bought a potion of heal wounds for 65 gold pieces
 34014 | Snake:4  | Bought 3 scrolls of fog for 78 gold pieces
 34371 | Snake:4  | Received a gift from Okawaru
 34423 | Snake:4  | Reached skill level 1 in Dodging
 34482 | Snake:4  | Noticed Vashnia
 34906 | Snake:3  | Reached XP level 19. HP: 136/136 MP: 21/21
 34977 | Snake:4  | Killed Vashnia
 35109 | Snake:4  | Reached skill level 5 in Dodging
 35283 | Snake:4  | Received a gift from Okawaru
 35640 | Snake:4  | Got a serpentine rune of Zot
 36733 | Swamp:2  | Received a gift from Okawaru
 36754 | Swamp:2  | Noticed Frances
 36854 | Swamp:2  | Killed Frances
 36993 | Swamp:2  | Reached skill level 10 in Dodging
 38171 | Swamp:3  | Got a pitted helmet
 38188 | Swamp:3  | Identified the cursed +0 helmet of Yferau {rElec rF++ MR-} (You found it on level 3 of the Swamp)
 38466 | Swamp:4  | Entered Level 4 of the Swamp
 38480 | Swamp:4  | Reached XP level 20. HP: 139/143 MP: 22/22
 38514 | Swamp:4  | Noticed the 27-headed Lernaean hydra
 38986 | Swamp:4  | Received a gift from Okawaru
 39069 | Swamp:4  | Got a heavily runed plate armour {god gift}
 39097 | Swamp:3  | Identified the +3 plate armour "Owoirih" {Slay+6} (Okawaru gifted it to you on level 4 of the Swamp)
 39126 | Swamp:4  | Got a decaying rune of Zot
 39324 | Swamp:4  | Killed the seven-headed Lernaean hydra
 40005 | Vaults:1 | Entered Level 1 of the Vaults
 40096 | Vaults:1 | Noticed Norris
 40114 | Vaults:1 | Paralysed by something for 5 turns
 40125 | Vaults:1 | Paralysed by something for 4 turns
 40160 | Vaults:1 | Paralysed by something for 2 turns
 40169 | Vaults:1 | Paralysed by something for 4 turns
 40180 | Vaults:1 | Killed Norris
 40180 | Vaults:1 | Reached skill level 15 in Dodging
 40795 | Vaults:1 | Received a gift from Okawaru
 40806 | Vaults:1 | Paralysed by a wizard for 5 turns
 40857 | Vaults:1 | Got an ichor-stained scimitar {god gift}
 40858 | Vaults:1 | Identified the +1 scimitar of Somewhere Else {holy, +Fly Str+4} (Okawaru gifted it to you on level 1 of the Vaults)
 41378 | D:14     | Reached XP level 21. HP: 117/149 MP: 23/23
 41406 | D:14     | Cast into the Abyss (a deep elf demonologist)
 41659 | Abyss:1  | Reached skill level 15 in Fighting
 41717 | Abyss:1  | Got a crude lead ring
 41718 | Abyss:1  | Identified the ring "Ucki" {Ice +Blink} (You found it on level 1 of the Abyss)
 41933 | D:14     | Escaped the Abyss
 41967 | D:14     | Received a gift from Okawaru
 41986 | D:14     | Paralysed by a great orb of eyes for 6 turns
 42794 | Vaults:1 | Noticed Jorgrun
 42817 | Vaults:1 | Killed Jorgrun
 43389 | Vaults:1 | Reached skill level 5 in Invocations
 43626 | Vaults:2 | Noticed Mara
 44329 | Vaults:2 | Received a gift from Okawaru
 44510 | Vaults:2 | Paralysed by a sphinx for 5 turns
 44532 | Vaults:2 | Paralysed by a sphinx for 2 turns
 44543 | Vaults:2 | Cast into the Abyss (an ogre mage)
 44634 | Vaults:2 | Escaped the Abyss
 44827 | Vaults:2 | Noticed Maka's illusion
 45010 | Vaults:2 | Killed Mara
 45014 | Vaults:2 | Noticed Maka's illusion
 45133 | Vaults:2 | Noticed Nikola
 45148 | Vaults:1 | Reached XP level 22. HP: 160/160 MP: 26/26
 45223 | Vaults:2 | Killed Nikola
 45223 | Vaults:2 | Reached skill level 22 in Armour
 45694 | Vaults:3 | Noticed Asterion
 45757 | Vaults:3 | Killed Asterion
 45844 | Vaults:3 | Received a gift from Okawaru
 45855 | Vaults:3 | Got a spiked hat {god gift}
 45872 | Vaults:3 | Identified the +2 hat "Pecuu" {rElec rF++ Stlth+} (Okawaru gifted it to you on level 3 of the Vaults)
 46664 | Vaults:3 | Reached skill level 23 in Armour
 47965 | Vaults:4 | Noticed blinkfrog's ghost (adept FoHu)
 48295 | Vaults:4 | Received a gift from Okawaru
 48381 | Vaults:4 | Noticed Wiglaf
 48409 | Vaults:4 | Killed Wiglaf
 48646 | Vaults:4 | Reached skill level 24 in Armour
 48897 | Vaults:4 | Killed blinkfrog's ghost
 48897 | Vaults:4 | Reached XP level 23. HP: 146/165 MP: 27/27
 48964 | Vaults:4 | Got a brightly glowing plate armour
 48965 | Vaults:4 | Identified the cursed +0 plate armour of the Blue Moon {rElec Regen+ Str-4 Int+2} (You found it on level 4 of the Vaults)
 49521 | Depths:1 | Entered Level 1 of the Depths
 49521 | Depths:1 | Found Zehuag's Assorted Antiques.
 49694 | Depths:1 | Found a corrupted altar of Lugonu.
 49801 | Depths:1 | Found Xywni's Book Emporium.
 49974 | Depths:1 | Found Kuiwn's Magic Scroll Emporium.
 50005 | Depths:1 | Bought a scroll of identify for 22 gold pieces
 50005 | Depths:1 | Bought a scroll of blinking for 82 gold pieces
 50005 | Depths:1 | Bought a scroll of blinking for 82 gold pieces
 50005 | Depths:1 | Bought a scroll of enchant weapon for 82 gold pieces
 50082 | Depths:1 | Found Ylap's Distillery.
 50088 | Depths:1 | Bought a potion of berserk rage for 95 gold pieces
 50088 | Depths:1 | Bought a potion of haste for 190 gold pieces
 50088 | Depths:1 | Bought a potion of curing for 57 gold pieces
 50088 | Depths:1 | Bought 2 potions of heal wounds for 190 gold pieces
 50088 | Depths:1 | Bought a potion of cure mutation for 665 gold pieces
 50535 | Depths:2 | Received a gift from Okawaru
 50546 | Depths:2 | Reached skill level 25 in Armour
 50637 | Depths:2 | Found Unapoqus's Gadget Emporium.
 51006 | Depths:2 | Found a one-way gate leading to the halls of Pandemonium.
 51184 | Depths:2 | Got a shimmering cloak
 51195 | Depths:2 | Identified the -3 cloak of Leapfrog {MR+ Int+3} (You acquired it on level 2 of the Depths)
 51449 | Depths:2 | Noticed a caustic shrike
 51480 | Depths:2 | Killed a caustic shrike
 52058 | Depths:3 | Received a gift from Okawaru
 52353 | Depths:3 | Found a glowing golden altar of the Shining One.
 52354 | Depths:3 | Found a glowing golden altar of the Shining One.
 52354 | Depths:3 | Found a white marble altar of Elyvilon.
 52445 | Depths:3 | Reached skill level 26 in Armour
 52513 | Depths:3 | Reached XP level 24. HP: 171/171 MP: 27/27
 52566 | Depths:3 | Noticed a juggernaut
 52598 | Depths:3 | Mangled by a juggernaut

Vault maps used:
D:1:      evilmike_arrival_grusome_pit
D:2:      first_bread, serial_bayou_pond_b, lemuel_blue_sif_altar, uniq_robin,
          uniq_sigmund
D:3:      wad_woods_stonehenge, uniq_natasha
D:4:      lemuel_coloured_pillars_altar, gup_sewer_entry_bubbles, uniq_eustachio
D:5:      okawaru_gym_becter, serial_glass, glass_columns_a, glass_columns_a,
          uniq_blork_the_orc
D:6:      minmay_misc_feat_room
D:7:      nicolae_gozag_zags_fifth_avenue, temple_statues, serial_shops,
          kennysheep_mini, bloody_trog
D:8:      minmay_opposing_rooms
D:9:      hangedman_ranch
D:10:     serial_shops, nicolae_shop_window_shopping, makhleb_altar_promises_db,
          uniq_erica
D:11:     lair_0_dummy
D:12:     wad_guarded_room, minmay_misc_feat_alley, uniq_sonja, uniq_erolcha
D:13:     minmay_isolated_rectangles_in_corner
D:14:     david_vaults_4, kennysheep_cross_bottleneck, corexii_checkpoint_a
D:15:     hangedman_depths_entry_civil_slaughter, special_room,
          ashenzari_altar_1, minivault_24, nrook_guardian_serpent_double
Lair:1:   hibernation_bobbens, uniq_gastronok
Lair:2:   portal_ice_cave_entry_pillars_02
Lair:3:   minmay_snake_entry_guardpost_small, infiniplex_staircase_pool,
          uniq_harold
Lair:4:   serial_bayou_lake_a, infiniplex_staircase_pool_2, uniq_snorg
Lair:5:   grunt_megastairs_3, lemuel_fruit_tree
Lair:6:   swamp_mist, serial_bayou_pond_b, serial_bayou_shore_a, uniq_maud
Lair:7:   minivault_25, lemuel_fruit_fields
Lair:8:   evil_forest, slime_altar_1, minivault_24
Swamp:1:  evilmike_swamp_ruin_house_2
Swamp:2:  nicolae_swamp_phyte_club, hangedman_swamp_pad, uniq_frances
Swamp:3:  evilmike_swamp_ruin_house_3
Swamp:4:  grunt_swamp_rune_castle
Snake:1:  special_room, hangedman_snake_pattern
Snake:2:  guppyfry_snake_island, serial_bayou_shore_b
Snake:3:  uniq_aizul
Snake:4:  minmay_snake_end_coiled, serial_shops, nicolae_shop_crystal,
          nicolae_snake_serpentine_hallways, grunt_ministairs_10, st_stairs_8,
          uniq_vashnia, uniq_saint_roka
Orc:2:    mines2_david
Orc:3:    nicolae_orc_pool_cavern
Orc:4:    st_orc_pillars, basic_altar
Vaults:1: st_smaller_cells, nicolae_vaults_twisting_passages,
          hangedman_vaults_stagger, v_alt_pattern_1, ontoclasm_vaults_fault,
          ontoclasm_vaults_ring_small, hangedman_vaults_locks, v_misc_13,
          vaults_dpeg_encased_lava, vaults_room_grunt_arrival_ludios, v_misc_33,
          vaults_dpeg_diagonal, v_misc_17, vaults_room_corners, uniq_norris,
          uniq_jorgrun
Vaults:2: vaults_mumra_minichess_inversion, v_misc_1, nicolae_vaults_what_the_h,
          v_misc_3, grunt_vaults_hallway_long, minmay_crypt_entry_necro_gods,
          v_pattern_5, hangedman_vaults_corner_blocks,
          vaults_room_stairs_pillars, v_misc_9, uniq_mara, uniq_nikola
Vaults:3: vaults_dpeg_spiral, nicolae_vaults_mini_display_case, st_hourglassy,
          hangedman_vaults_pinch, v_misc_12,
          hangedman_vaults_stretched_pinwheel, uniq_asterion
Vaults:4: nicolae_vaults_disjoint_gnomons, grunt_vaults_hallway_short,
          hangedman_vaults_hat, v_misc_23, ontoclasm_vaults_pinch,
          vaults_mumra_hex, vaults_room_corners,
          nicolae_vaults_little_squares_4, uniq_wiglaf
Depths:1: hellmouth_1, hangedman_abyss_or_decor_slice, serial_shops, shop,
          nicolae_shop_window_shopping, kennysheep_mini_moat, shop_scrolls,
          tgw_lugonu_bribe
Depths:2: kennysheep_water_balloons, minmay_staircase_windowed_large,
          hell_entry, rand_demon_pan_entry_1, serial_shops, shop,
          minmay_item_behind_shaft, due_unseen_surprise
Depths:3: hangedman_slaughterboxes, hell_entry, pan_entry
IceCv:    ice_cave_small_giant

Action                   |  1- 3 |  4- 6 |  7- 9 | 10-12 | 13-15 | 16-18 | 19-21 | 22-24 || total
-------------------------+-------+-------+-------+-------+-------+-------+-------+-------++-------
Melee: Long sword        |   104 |   221 |   672 |   265 |       |       |       |       ||  1262
       Scimitar          |       |       |       |   709 |  2187 |   883 |  1023 |       ||  4802
       Demon blade       |       |       |       |       |       |  2573 |  2526 |  2374 ||  7473
Invok: Heroism           |       |       |       |     5 |     5 |     2 |     5 |     3 ||    20
 Abil: Evoke Flight      |       |       |       |       |       |       |       |     2 ||     2
Evoke: Wand              |       |       |       |       |     2 |     1 |       |     1 ||     4
  Use: Potion            |       |     1 |     6 |     3 |     1 |     5 |     2 |       ||    18
       Scroll            |       |     7 |     6 |     9 |     6 |     9 |    13 |     9 ||    59
 Stab: Distracted        |       |       |     1 |       |     1 |       |       |     2 ||     4
       Confused          |       |       |       |       |       |       |     1 |       ||     1
  Eat: Chunk             |     1 |     5 |     7 |    17 |     7 |    21 |    25 |    23 ||   106
       Bread ration      |       |       |     1 |     2 |     1 |     7 |     1 |       ||    12
       Beef jerky        |       |       |     1 |       |     1 |     2 |       |       ||     4
       Royal jelly       |       |       |     1 |       |       |     2 |       |       ||     3
       Pizza             |       |       |       |     7 |     2 |       |     1 |       ||    10
       Fruit             |       |       |       |     3 |    21 |       |     6 |       ||    30
       Meat ration       |       |       |       |       |     2 |       |     3 |     1 ||     6
